 Dungeon Sprint DCSS version 0.26-a0-690-gcb57259078 (webtiles) character file.

Game seed: 11701138396297883279

445 jfcaron the Grappler (level 6, -4/71 HPs)
             Began as a Troll Berserker on Oct 24, 2020.
             Was a Believer of Trog.
             Slain by Sonja
             ... wielding a +2 dagger of draining
              (5 damage)
             ... in the Dungeon (Sprint I: "Red Sonja").
             The game lasted 00:02:13 (305 turns).

jfcaron the Grappler (Troll Berserker)               Turns: 305, Time: 00:02:13

Health: -4/71      AC:  7    Str: 28    XL:     6   Next: 72%
Magic:  5/5        EV:  9    Int:  3    God:    Trog [**....]
Gold:   199        SH:  0    Dex:  9    Spells: 5/5 levels left

rFire    . . .     SeeInvis .   (no weapon)
rCold    . . .     Faith    .   (no shield)
rNeg     . . .     Spirit   .   a - +0 animal skin
rPois    .         Reflect  .   (helmet restricted)
rElec    .         Harm     .   k - +0 cloak
rCorr    .         Rampage  .   (gloves unavailable)
MR       .....     NoTele   +   (boots unavailable)
Stlth    +.........             (no amulet)
HPRegen  0.61/turn              (no ring)
MPRegen  0.09/turn              (no ring)

@: lethally poisoned (-4 -> -5), berserk cooldown, hasted and slowed, extremely
drained
A: large, unfitting armour, claws 3, regeneration 1, shaggy fur 1, tough skin 3
a: Berserk, Trog's Hand, Renounce Religion


You were in the Dungeon.
You worshipped Trog.
Trog was pleased with you.
You visited 1 branch You collected 297 gold pieces.
You spent 98 gold pieces at shops.

Inventory:

Missiles
 l - a curare-tipped dart (quivered) {!f}
Armour
 a - a +0 animal skin (worn)
 k - a +0 cloak (worn)
Wands
 h - a wand of digging (5)
Scrolls
 g - a scroll of blinking
 i - a scroll of remove curse {unknown}
Potions
 b - 2 potions of curing
 e - 2 potions of magic
 f - a potion of berserk rage
 j - a potion of might


   Skills:
 + Level 7.4(0.0) Fighting
 + Level 7.4(0.0) Dodging
 + Level 9.0(0.0) Unarmed Combat


You had 5 spell levels left.
You didn't know any spells.
Your spell library was empty.

Dungeon Overview and Level Annotations

Branches:
Dungeon (1/1)

Altars:
Cheibriados
Dithmenos
Elyvilon
Fedhas
Gozag
Hepliaklqana
Kikubaaqudgha
Nemelex Xobeh
Okawaru
Qazlal
Ru
Sif Muna
Trog
Uskayaw
Vehumet
Wu Jian
Yredelemnul
Zin
The Shining One

Shops:
D !

Annotations:
D Sonja


Innate Abilities, Weirdness & Mutations

You are too large for most types of armour.
You have claws for hands.
Your natural rate of healing is unusually fast.
You are covered in fur. (AC +1)
You have extremely tough skin. (AC +3)


Message History

You feel drained.
* * * LOW HITPOINT WARNING * * *
Sonja hits you but does no damage.
You feel drained.
Sonja plants her feet in a plie.
Sonja hits you with a +2 dagger of draining.
* * * LOW HITPOINT WARNING * * *
You feel drained.
* * * LOW HITPOINT WARNING * * *
Sonja hits you but does no damage.
You feel drained.
Sonja hits you with a +2 dagger of draining.
* * * LOW HITPOINT WARNING * * *
You feel drained.
* * * LOW HITPOINT WARNING * * *
Unknown command.
You closely miss Sonja.
Sonja is moderately wounded.
* * * LOW HITPOINT WARNING * * *
You feel sick. Sonja hits you but does no damage.
You feel drained.
Sonja hits you with a +2 dagger of draining.
You die...

################
#<.#.))..#..'..#
#..'..#..').#..+
#..#####'#####'#
#..####..#...#)#
#..#__####..##.#
#..#____K##'#_.+
#⌠⌠#_.∩..@'..._#
####_..__##_(#'#
#_____###(#.#
####### #.###
$.$ #$.$# ##.##
#+#


You could see Sonja.

Vanquished Creatures
  Sigmund (D)
  A yak (D)
  An ogre (D)
  A jelly (D)
  Ijyb (D)
5 creatures vanquished.

Notes
Turn   | Place    | Note
-------+----------+-------------------------------------------
     0 | D        | jfcaron the Troll Berserker began the quest for the Orb.
     0 | D        | Reached XP level 1. HP: 22/22 MP: 0/0
     2 | D        | Noticed Ijyb
     7 | D        | Killed Ijyb
     7 | D        | Reached skill level 4 in Unarmed Combat
     7 | D        | Reached XP level 2. HP: 31/31 MP: 1/1
   110 | D        | Noticed an ogre
   116 | D        | Killed an ogre
   116 | D        | Reached skill level 5 in Fighting
   116 | D        | Reached skill level 5 in Dodging
   116 | D        | Reached skill level 6 in Unarmed Combat
   116 | D        | Reached XP level 3. HP: 42/42 MP: 2/2
   116 | D        | Reached XP level 4. HP: 50/50 MP: 3/3
   142 | D        | Noticed Sigmund
   146 | D        | Killed Sigmund
   146 | D        | Reached ** piety under Trog
   146 | D        | Reached skill level 7 in Unarmed Combat
   146 | D        | Reached XP level 5. HP: 51/61 MP: 4/4
   146 | D        | Reached XP level 6. HP: 57/68 MP: 5/5
   174 | D        | Found an ornate altar of the Wu Jian Council.
   174 | D        | Found a shimmering blue altar of Sif Muna.
   176 | D        | Found a radiant altar of Vehumet.
   179 | D        | Reached skill level 8 in Unarmed Combat
   208 | D        | Found Tesimyt's Distillery.
   208 | D        | Found an ancient bone altar of Kikubaaqudgha.
   208 | D        | Found a hazy altar of Hepliaklqana.
   208 | D        | Found a stormy altar of Qazlal.
   208 | D        | Found a hide-covered altar of Uskayaw.
   208 | D        | Found a blossoming altar of Fedhas.
   208 | D        | Found a bloodstained altar of Trog.
   208 | D        | Found an iron altar of Okawaru.
   208 | D        | Found a basalt altar of Yredelemnul.
   208 | D        | Found a glowing golden altar of the Shining One.
   208 | D        | Found a snail-covered altar of Cheibriados.
   208 | D        | Found a sacrificial altar of Ru.
   208 | D        | Found a glowing silver altar of Zin.
   208 | D        | Found a shadowy altar of Dithmenos.
   208 | D        | Found a white marble altar of Elyvilon.
   208 | D        | Noticed a yak
   215 | D        | Killed a yak
   215 | D        | Reached skill level 9 in Unarmed Combat
   216 | D        | Found an opulent altar of Gozag.
   217 | D        | Found a sparkling altar of Nemelex Xobeh.
   221 | D        | Bought a potion of curing for 42 gold pieces
   221 | D        | Bought a potion of might for 56 gold pieces
   269 | D        | Noticed Sonja
   304 | D        | HP: 14/71 [Sonja/+2 dagger of draining (1)]
   304 | D        | HP: 3/71 [Sonja/+2 dagger of draining (5)]
   304 | D        | HP: 1/71 [Sonja/+2 dagger of draining (2)]
   305 | D        | Slain by Sonja

Illustrated notes

Levels and vault maps discovered:
D:        dungeon_sprint_1 [red_sonja_temple_1, red_sonja_temple_small_1]

Skill      XL: |  1  2  3  4  5  6 |
---------------+-------------------+-----
Fighting       | 3 5 6 7 |  7.4
Dodging        | 3 5 6 7 |  7.4
Unarmed Combat | 4 6 7 9 |  9.0

Action                   |  1- 3 |  4- 6 || total
-------------------------+-------+-------++-------
Melee: Unarmed           |     9 |    24 ||    33
Invok: Berserk           |     1 |     2 ||     3
  Use: Potion            |       |     2 ||     2
 Stab: Sleeping          |     1 |       ||     1
Armor: Animal skin       |       |    20 ||    20
Dodge: Dodged            |     1 |    17 ||    18

Table legend: (Time is in decaauts)
 A = Elapsed time spent in this place.
 B = Non-inter-level travel time spent in this place.
 C = Inter-level travel time spent in this place.
 D = Time resting spent in this place.
 E = Time spent auto-exploring this place.
 F = Levels seen in this place.
 G = Mean time per level.
                   A        B        C        D        E       F      G
               +--------+--------+--------+--------+--------+-----+--------+
         Total |    322 |    322 |      0 |    168 |      0 |   1 |  322.0 |
       Dungeon |    322 |    322 |      0 |    168 |      0 |   1 |  322.0 |
               +--------+--------+--------+--------+--------+-----+--------+

Top non-repeatable levels by time:
       D: 322 daAuts
